goodgravy, chaotic male elven Wizard # --|-- * |...| ------ --------- ## |...| #.....| |..^..`..# # ##.....# #|(.(.| |.......|# # # ---|-# #|....| |%%.*..^|# # d@# % # #|.....######%%......`|# # @ # #|.`..| --|------# # # # ##.....| # % ----- --.---# ### ###------ # #-...| --------- |....|# #-----### # ###|...-####........| |..>.|# #|...-## ###############*#%#%#####-...| |..%....| |....|# #|...|# #---|--### |...| |.......| ......# #-.#.|# |....|# |.<.| |.......| ------ |....# .....|# ----- --------- ----- |....-# ------ goodgravy the Magician Experience level: 12 Strength: 18 Dexterity: 16 Constitution: 16 Intelligence: 20 Wisdom: 18 Charisma: 8 Health: 0(104) Energy: 140(172) Def: 14 Gold: 0 Moves: 37972 Dungeon seed: IsQINcW_LehnS7XE Game ID: goodgravy_1587487304 Your Inventory: Amulets H - an uncursed amulet of reflection (being worn) Weapons a - the blessed rustproof +1 Magicbane (weapon in hand) Armor e - a blessed burnt +2 cloak of magic resistance (being worn) k - a blessed +2 leather armor (being worn) n - an uncursed +1 pair of high boots (being worn) M - an uncursed rusty +0 helmet (being worn) N - an uncursed +0 pair of leather gloves (being worn) Comestibles g - an uncursed tin of bugbear meat s - an uncursed partly eaten food ration O - an uncursed lizard corpse Q - an uncursed partly eaten lizard corpse Scrolls Z - an uncursed scroll of teleportation Rings d - an uncursed +1 ring of increase damage r - an uncursed ring of slow digestion t - an uncursed ring of teleport control (on right hand) C - an uncursed ring of conflict Wands c - a wand of striking (0:0) l - a wand of polymorph (0:2) m - a wand of digging (0:5) x - a wand of lightning (0:1) A - a wand of digging (0:5) G - a wand of digging (0:5) J - a wand of lightning (0:4) L - a wand of striking (0:4) S - a blessed wand of make invisible (0:4) T - a wand of teleportation (0:2) U - a wand of teleportation (0:8) V - a wand of teleportation (0:5) X - a wand of lightning (0:6) Y - a wand of magic missile (0:0) Tools b - a blessed bag of holding j - an uncursed skeleton key u - a blessed +0 unicorn horn I - an uncursed stethoscope Gems o - 3 uncursed emeralds q - a blessed luckstone v - 4 uncursed rubies z - 4 uncursed diamonds B - 4 uncursed amethyst stones Contents of the bag of holding: 47153 gold pieces a cheap plastic imitation of the Amulet of Yendor an uncursed +0 Hawaiian shirt an uncursed +0 set of orange dragon scales 2 uncursed lembas wafers 3 uncursed lizard corpses an uncursed sprig of wolfsbane 2 uncursed tripe rations 18 uncursed scrolls of blank paper 5 cursed scrolls of blank paper 2 uncursed scrolls of confuse monster an uncursed scroll of destroy armor a cursed scroll of earth an uncursed scroll of enchant armor 3 uncursed scrolls of enchant weapon an uncursed scroll of fire an uncursed scroll of food detection 2 uncursed scrolls of gold detection 2 cursed scrolls of gold detection 2 uncursed scrolls of identify 2 cursed scrolls of identify 2 cursed scrolls of remove curse an uncursed scroll of teleportation an uncursed spellbook of cure sickness an uncursed potion of acid 2 uncursed potions of full healing a blessed potion of gain ability a blessed potion of gain energy an uncursed potion of gain energy 8 potions of holy water 2 uncursed potions of object detection 4 uncursed potions of speed a cursed ring of hunger a cursed ring of invisibility an uncursed ring of polymorph control an uncursed ring of sustain ability a cursed ring of teleportation a wand of create monster (0:13) a wand of digging (0:4) a wand of light (0:11) a wand of magic missile (0:5) a wand of magic missile (0:5) a wand of magic missile (0:1) a wand of probing (0:2) a wand of sleep (0:0) a wand of undead turning (0:6) an uncursed leash a magic marker (0:54) a +0 pick-axe a +0 unicorn horn 3 uncursed amethyst stones 3 uncursed diamonds 3 uncursed emeralds 3 uncursed rubies 2 uncursed worthless pieces of green glass 3 uncursed worthless pieces of red glass 3 uncursed worthless pieces of violet glass 2 uncursed worthless pieces of white glass Spells and supernatural/magical abilities: Name Level Category Fail Memory a - force bolt 1 attack 0% 8% k - knock 1* matter 0% 0% l - light 1* divination 0% 0% p - protection 1* clerical 0% 0% z - sleep 1* enchantment 0% 0% C - cancellation 7* matter 100% 0% D - drain life 2 attack 0% 15% K - cure sickness 3 healing 63% 48% M - magic mapping 5* divination 0% 0% O - create monster 2 clerical 0% 18% R - restore ability 4 healing 86% 70% T - turn undead 6* clerical 95% 0% W - pray for help -- divine ? -- Your skills at the end: Fighting Skills Weapon Skills dagger [Expert] quarterstaff [Basic] Spellcasting Skills attack spells [Skilled] divination spells [Skilled] enchantment spells [Basic] clerical spells [Basic] matter spells [Basic] Final Attributes: You were piously aligned. You were fire resistant. You were sleep resistant. You were poison resistant. You were magic-protected. You were telepathic. You had infravision. You had teleport control. You were protected. You had reflection. You were very lucky. You had extra luck. Good luck did not time out for you. You are dead. Vanquished creatures: Croesus an orange dragon a green dragon a yellow dragon 3 titanotheres a trapper a vampire lord 2 captains a clay golem 3 ghosts 6 lieutenants 2 queen bees a winged gargoyle 2 giant mimics a zruty 2 fire giants a rock troll an umber hulk 2 wumpuses a baby long worm 4 long worms 2 stalkers an air elemental 2 fire elementals a giant mummy 2 black nagas 2 xorns 5 elf-lords 11 sergeants a water demon a warg a winter wolf 7 small mimics a warhorse 4 xans an ettin mummy 2 quantum mechanics 4 trolls 2 wood golems 2 gelatinous cubes a large dog 5 freezing spheres a flaming sphere 6 shocking spheres 2 tigers 3 gargoyles 2 dwarf kings 4 tengu an ochre jelly 3 leocrottas an energy vortex 2 mountain centaurs a stone giant an elf mummy 4 human mummies 2 red nagas 2 pit vipers a python a cobra 7 wraiths 4 carnivorous apes 3 ettin zombies 2 leather golems 2 Grey-elves 73 soldiers an incubus 2 chameleons a crocodile 6 giant beetles a quivering blob 8 cockatrices 8 wolves 3 winter wolf cubs a lynx 3 panthers 60 gremlins a spotted jelly 2 leprechauns 4 orc-captains 2 iron piercers 4 giant spiders a horse 2 ice vortices 2 black lights 10 vampire bats 2 forest centaurs 5 gnome kings 3 orc mummies 5 dwarf mummies 3 brown puddings 2 rust monsters 6 owlbears 5 yetis 2 gold golems 2 werewolves 3 giant eels 9 lizards an apprentice 4 chickatrices 2 dogs 2 dingos a housecat a jaguar 4 dwarf lords a blue jelly 2 white unicorns 2 gray unicorns 4 dust vortices 7 ravens 6 plains centaurs 2 gnome mummies 5 snakes 10 apes 4 human zombies 2 rope golems a Woodland-elf 2 soldier ants 8 fire ants 16 bugbears 4 imps 3 quasits a wood nymph 4 water nymphs 6 mountain nymphs 17 Mordor orcs 13 Uruk-hai 5 orc shamans 7 rock piercers 5 rock moles 9 ponies 5 yellow lights 6 shriekers 3 violet fungi 28 gnome lords 12 gnomish wizards 4 kobold mummies 2 golden naga hatchlings a guardian naga hatchling 3 gray oozes 3 barrow wights 4 elf zombies a ghoul 5 paper golems 2 giant ants 2 little dogs 11 floating eyes 4 kittens 27 dwarves 2 homunculi 3 kobold lords 4 kobold shamans 49 hill orcs 10 rothes 4 rabid rats 7 centipedes 5 giant bats 2 monkeys 9 orc zombies 4 dwarf zombies 6 wererats 3 werejackals 7 iguanas 78 killer bees 8 acid blobs 6 coyotes 2 gas spores 10 hobbits 18 manes 5 large kobolds 21 hobgoblins 10 giant rats 16 cave spiders a brown mold 6 yellow molds 2 green molds 3 red molds 69 gnomes 14 garter snakes 8 gnome zombies 12 geckos 13 jackals 5 foxes 4 kobolds 6 goblins 11 sewer rats 17 grid bugs 11 bats 13 lichens 6 kobold zombies 22 newts 1189 creatures vanquished. Voluntary challenges: You used a wielded weapon 1483 times, starting on turn 201. You read items or engraved 447 times, starting on turn 506. You never genocided any monsters. You polymorphed 368 items, starting on turn 19300. You never changed form. You used no wishes. You split 3 puddings, starting on turn 11987. You wrote Elbereth's name 231 times, starting on turn 2571. You violated your moral code, losing 179 points of alignment, starting on turn 8457. Dungeon overview: The Dungeons of Doom: levels 1 to 20 Level 1 a long staircase Level 2 an altar to Anhur Level 3 Level 4 stairs to The Gnomish Mines Level 5 Level 6 many fountains Level 7 stairs to Sokoban Level 8 an altar to Anhur, a sink Level 9 Level 10 Level 11 many fountains Level 12 Level 13 <- You were here a sink portal to The Quest Level 14 a temple to Ptah portal to Fort Ludios Level 15 a fountain Level 16 Level 17 Level 18 an altar to Thoth Level 19 some altars to Ptah and Anhur Level 20 an altar to Anhur, a fountain The Gnomish Mines: levels 5 to 13 Level 5 stairs to The Dungeons of Doom Level 6 Level 7 many shops, a temple to Anhur, some fountains Level 8 Level 9 Level 10 Level 11 Level 12 Level 13 The Quest: Level 1 a throne portal to The Dungeons of Doom Sokoban: levels 3 to 6 Level 3 Level 4 Level 5 Level 6 stairs to The Dungeons of Doom Fort Ludios: Level 1 portal to The Dungeons of Doom History has recorded: On T:1 you entered the Dungeons of Doom to retrieve the Amulet of Yendor! On T:244 you reached level 2 of The Dungeons of Doom. On T:472 you reached level 3 of The Dungeons of Doom. On T:696 you advanced to experience level 2. On T:820 you advanced to experience level 3. On T:2204 you received Magicbane from Anhur. On T:2319 you reached level 4 of The Dungeons of Doom. On T:2378 you reached level 5 of The Dungeons of Doom. On T:2527 you reached level 1 of The Gnomish Mines. On T:2545 you advanced to experience level 4. On T:2631 you advanced to experience level 5. On T:2940 you advanced to experience level 6. On T:2969 you reached level 2 of The Gnomish Mines. On T:3573 you reached level 3 of The Gnomish Mines. On T:3853 you advanced to experience level 7. On T:5490 you reached level 6 of The Dungeons of Doom. On T:5587 you reached level 7 of The Dungeons of Doom. On T:5797 you reached level 4 of Sokoban. On T:6167 you reached level 3 of Sokoban. On T:6818 you reached level 2 of Sokoban. On T:7358 you reached level 1 of Sokoban. On T:8733 you advanced to experience level 8. On T:8958 you reached level 8 of The Dungeons of Doom. On T:11267 you reached level 9 of The Dungeons of Doom. On T:11356 you reached level 10 of The Dungeons of Doom. On T:11538 you reached level 11 of The Dungeons of Doom. On T:11703 you advanced to experience level 9. On T:12441 you reached level 12 of The Dungeons of Doom. On T:12558 you reached level 13 of The Dungeons of Doom. On T:13683 you advanced to experience level 10. On T:15035 you reached level 4 of The Gnomish Mines. On T:15293 you reached level 5 of The Gnomish Mines. On T:15777 you reached level 6 of The Gnomish Mines. On T:16094 you reached level 7 of The Gnomish Mines. On T:16759 you reached level 8 of The Gnomish Mines. On T:17051 you reached level 9 of The Gnomish Mines. On T:20145 you reached level 14 of The Dungeons of Doom. On T:20371 you reached level 15 of The Dungeons of Doom. On T:20936 you reached level 16 of The Dungeons of Doom. On T:21002 you advanced to experience level 11. On T:21384 you reached level 18 of The Dungeons of Doom. On T:21389 you reached level 19 of The Dungeons of Doom. On T:22594 you reached level 20 of The Dungeons of Doom. On T:23970 you reached level 17 of The Dungeons of Doom. On T:24716 you reached Fort Ludios. On T:28614 you advanced to experience level 12. On T:30984 you reached level 1 of The Quest. Score breakdown: Gold: 47153 (15897 points) Experience: 12 levels (18476 points) Exploration: 20 levels ( 40.00%) (18680 points) Discoveries: 51 items ( 18.41%) (12872 points) Valuables value: (no points given unless you survive) Artifact value: 3500 (12056 points) Variety of kills: 190 monsters ( 49.87%) (21185 points) Turncount: 37972 turns (-4349 points) Survival: died (score multiplied by 80%) Total score: 75853 Latest messages: The spell misses the lieutenant. The spell misses the lieutenant. You are beginning to feel hungry. You displace your large dog. Something is engraved here on the ground. You read: "Elbereth". You displace your large dog. The large dog misses the lieutenant. You stop. Your large dog is in the way! The lieutenant swings her broadsword. The lieutenant hits! The lieutenant swings her broadsword. The lieutenant hits! The large dog misses the lieutenant. You displace your large dog. The lieutenant swings her broadsword. The lieutenant hits! The lieutenant swings her broadsword. The lieutenant hits! You die... Final status: Goodbye goodgravy the Wizard, killed by a lieutenant... You died in The Dungeons of Doom on dungeon level 13 with 75853 points, and 47153 pieces of gold, after 37972 moves. You were level 12 with a maximum of 104 hit points when you died.